 Dungeon Crawl Stone Soup version 0.30-a0-3-gc9032a9cac (webtiles) character file.

Game seed: 17519403342730058103

26 MirrMurr the Trooper (level 2, -2/24 HPs)
             Began as a Demonspawn Berserker on Aug 20, 2022.
             Was a Follower of Trog.
             Killed from afar by Sigmund (7 damage)
             ... with a puff of flame
             ... on level 2 of the Dungeon.
             The game lasted 00:02:53 (1405 turns).

MirrMurr the Trooper (Demonspawn Berserker)         Turns: 1405, Time: 00:02:54

Health: -2/24      AC:  7    Str: 17    XL:     2   Next: 89%
Magic:  2/2        EV: 10    Int:  8    God:    Trog [*.....]
Gold:   60         SH:  0    Dex: 12    Spells: 1/1 levels left

rFire   . . .      SeeInvis .    a - +0 spear
rCold   . . .      Faith    .    (no shield)
rNeg    . . .      Spirit   .    e - +0 scale mail
rPois   .          Reflect  .    (no helmet)
rElec   .          Harm     .    (no cloak)
rCorr   .          Rampage  .    f - +0 pair of gloves
Will    .....                    (no boots)
Stlth   ..........               (no amulet)
HPRegen 0.08/turn                (no ring)
MPRegen 0.16/turn                (no ring)

@: no status effects
A: magic regeneration
a: Renounce Religion, Berserk


You were on level 2 of the Dungeon.
You worshipped Trog.
Trog was aware of your devotion.
You visited 1 branch of the dungeon, and saw 2 of its levels.

You collected 60 gold pieces.

Inventory:

Hand Weapons
 a - a +0 spear (weapon)
Missiles
 c - 15 stones (quivered)
Armour
 e - a +0 scale mail (worn)
 f - a +0 pair of gloves (worn)
Jewellery
 l - a ring of magical power
 m - a +4 ring of protection
Scrolls
 b - 5 scrolls of identify {unknown}
 d - a scroll of brand weapon {unknown}
 h - a scroll of torment {unknown}
 i - a scroll of immolation {unknown}
 j - a scroll of enchant weapon {unknown}
Potions
 g - a potion of mutation {unknown}
 k - a potion of heal wounds {unknown}


   Skills:
 + Level 3.2 Fighting
 * Level 3.1 Polearms
 + Level 0.5 Throwing
 + Level 2.1 Armour
 + Level 2.1 Dodging


You had one spell level left.
You didn't know any spells.
Your spell library was empty.

Dungeon Overview and Level Annotations

Branches:
Dungeon (2/15)

Altars:

Shops:
D:1 (

Annotations:
D:2 Sigmund


Innate Abilities, Weirdness & Mutations

You regenerate magic rapidly.


Message History

a +0 short sword; a kobold corpse
l - a ring of magical power
m - a +4 ring of protection
Found a mace.
b - 2 scrolls labelled PUTOTT UVISS (gained 1)
You see here a +0 mace.
A goblin comes into view. It is wielding a +0 club.
You see here a +0 mace.
There are no items here.
You reach to attack!
You hit the goblin.
The goblin is moderately wounded.
You puncture the goblin!
You kill the goblin!
Trog accepts your kill.
No target in view!
No target in view!
You see here a +0 club.
You see here a +0 mace.
b - 5 scrolls labelled PUTOTT UVISS (gained 3) Sigmund the Dreaded comes into view.
He is wielding a +0 scythe, wearing a +1 robe of cold resistance and carrying a wand of flame (21).
Found 10 gold pieces.
Sigmund shouts!
Sigmund says, "Don't worry, I'll kill you fast."
Sigmund gestures at you while chanting.
You are confused.
Sigmund casts a spell.
Sigmund flickers and vanishes!
Deactivating autopickup; reactivate with Ctrl-A.
You bump into the rock wall.
You feel less confused. Something hits you.
A magic dart appears from out of thin air!
The magic dart hits you.
A magic dart appears from out of thin air!
The magic dart hits you!
* * * LOW HITPOINT WARNING * * *
You hear a zap.
A puff of flame appears from out of thin air!
The puff of flame hits you!
You die...

#.##...### #.............# #.#
#........###....####.###.# #.#
#....................# #{###.#
#........####...###..##.#.##.##.#
#.##...### ##.####....###......#
#.##...# #........##.#.#######
......#######..####### #.##
#.............<#########.########
############....@.....{..........
###.#########.########
#....)).....# #############


There were no monsters in sight!

Vanquished Creatures
  4 ball pythons
  4 endoplasms
  A giant cockroach (D:1)
  3 goblins
  3 hobgoblins
  2 kobolds
  3 bats
  2 frilled lizards
  2 rats (D:2)
24 creatures vanquished.

Notes
Turn   | Place    | Note
-------+----------+-------------------------------------------
     0 | D:1      | MirrMurr the Demonspawn Berserker began the quest for the
                  | Orb.
     0 | D:1      | Reached XP level 1. HP: 18/18 MP: 1/1
   110 | D:1      | Found a faded altar of an unknown god.
   378 | D:1      | Gained mutation: You regenerate magic rapidly. [demonic
                  | ancestry]
   378 | D:1      | Reached XP level 2. HP: 24/24 MP: 2/2
   423 | D:1      | Found Plog's Weapon Emporium.
  1383 | D:2      | Noticed Sigmund
  1405 | D:2      | Killed from afar by Sigmund

Illustrated notes

Levels and vault maps discovered:
D:1:      dpeg_arrival_line_fractal, layout_basic, serial_shops,
          nicolae_shop_bloodbath_and_beyond, ebering_ecumenical_altar_box
D:2:      layout_loops_ring, serial_shops, shop, kennysheep_generic_room_2,
          uniq_sigmund

Skill      XL: |  1  2 |
---------------+-------+-----
Dodging        | 2 |  2.1
Armour         | 2 |  2.1
Polearms       | 3 |  3.1
Fighting       | |  3.2
Throwing       | |  0.5

Action                   || total
-------------------------++-------
Melee: Spear             ||    77
Armor: Scale mail        ||    18
Dodge: Dodged            ||    30

Table legend: (Time is in decaauts)
 A = Elapsed time spent in this place.
 B = Non-inter-level travel time spent in this place.
 C = Inter-level travel time spent in this place.
 D = Time resting spent in this place.
 E = Time spent auto-exploring this place.
 F = Levels seen in this place.
 G = Mean time per level.
                   A        B        C        D        E       F      G
               +--------+--------+--------+--------+--------+-----+--------+
         Total |   1401 |   1301 |    100 |      0 |   1008 |   2 |  700.5 |
       Dungeon |   1401 |   1301 |    100 |      0 |   1008 |   2 |  700.5 |
               +--------+--------+--------+--------+--------+-----+--------+

Top non-repeatable levels by time:
     D:1: 1112 daAuts
     D:2: 288 daAuts
